 Dungeon Crawl Stone Soup version 0.20.2-3-g29329e0561 (webtiles) character file.

245 Alfie the Shield-Bearer (level 6, -2/53 HPs)
             Began as a Hill Orc Fighter on July 28, 2023.
             Slain by Alfie's ghost (12 damage)
             ... in an ossuary.
             The game lasted 00:07:07 (2106 turns).

Alfie the Shield-Bearer (Hill Orc Fighter)          Turns: 2106, Time: 00:07:08

Health: -2/53      AC:  9    Str: 21    XL:     6   Next: 10%
Magic:  6/6        EV: 13    Int: 13    God:
Gold:   150        SH: 10    Dex: 15    Spells: 5/5 levels left

rFire    . . .     SeeInvis .   a - +0 rapier
rCold    . . .     Gourm    .   c - +0 shield
rNeg     . . .     Faith    .   b - +1 scale mail
rPois    .         Spirit   .   (no helmet)
rElec    .         Reflect  .   (no cloak)
rCorr    .         Harm     .   r - +0 pair of gloves
MR       .....                  (no boots)
Stlth    +.........             (no amulet)
Regen    0.2/turn               (no ring)
MPRegen  0.1/turn               (no ring)

@: brilliant, agile, hasted, very quick
A: no striking features
a: no special abilities


You were in an ossuary.
You were not hungry.

You visited 1 branch of the dungeon, and saw 4 of its levels.
You also visited: Ossuary.

You collected 150 gold pieces.

Inventory:

Hand Weapons
 a - a +0 rapier (weapon)
Armour
 b - a +1 scale mail (worn)
 c - a +0 shield (worn)
 r - a +0 pair of gloves (worn)
Wands
 k - a wand of lightning (10/15)
Scrolls
 h - a scroll of noise {unknown}
 q - a scroll of fog {unknown}
 t - a scroll of remove curse {unknown}
 u - a scroll of identify {unknown}
Potions
 d - a potion of degeneration {unknown}
 e - a potion of lignification {unknown}
 i - 4 potions of agility
 l - a potion of flight {unknown}
 o - 2 potions of brilliance
 p - a potion of haste
 s - a potion of cancellation {unknown}
Books
 n - a Young Poisoner's Handbook

   Spells                             Type                      Level
   a - Sting                          Conjuration/Poison           1
   b - Poisonous Vapours              Poison/Air                   2
   c - Mephitic Cloud                 Conjuration/Poison/Air       3
   d - Olgreb's Toxic Radiance        Poison                       4
   e - Venom Bolt                     Conjuration/Poison           5
Comestibles
 f - 2 bread rations
 j - 2 royal jellies
 m - a meat ration


   Skills:
 + Level 4.4 Fighting
 + Level 3.9 Short Blades
 + Level 4.3 Armour
 + Level 1.0 Dodging
 + Level 0.1 Stealth
 + Level 4.5 Shields


You had 5 spell levels left.
You didn't know any spells.

Dungeon Overview and Level Annotations

Branches:
Dungeon (4/15)
 Temple: D:4-7

Altars:
Gozag

Annotations:
Ossuary Alfie's ghost, amateur MiFi


Message History

You hit the mummy.
You destroy the mummy!
An arrow hits the human zombie!
You hit Alfie's ghost.
Alfie's ghost is lightly damaged.
Alfie's ghost hits you!
* * * LOW HITPOINT WARNING * * *
You block Alfie's ghost's attack.
Unknown command.
It was a potion of brilliance.
You feel clever all of a sudden. You block Alfie's ghost's attack.
It was a potion of agility.
You feel agile all of a sudden. You block Alfie's ghost's attack.
It was a potion of curing.
You feel better. Alfie's ghost hits you.
* * * LOW HITPOINT WARNING * * *
You feel better. You block Alfie's ghost's attack.
It was a potion of haste.
You feel yourself speed up. Alfie's ghost hits you!
You die...

...∩.......
...............#..#
..................#
...........##.....#
...........##.....#
..................#
..............^...#
Z#####........^####
..............ZW@?#
...∩...........#??#
###################


You could see Alfie's ghost and a human zombie.

Vanquished Creatures
  2 human zombies (Ossuary)
  Terence (D:2)
  A big kobold zombie (Ossuary)
  2 hound zombies
  3 mummies (Ossuary)
  An adder (D:3)
  An ooze (D:3)
  An adder zombie (Ossuary)
  2 worms
  2 dart slugs
  3 leopard geckos
  2 orcs (D:3)
  2 ball pythons
  5 bats
  4 giant cockroaches
  5 hobgoblins
  A quokka (D:2)
  6 frilled lizards
  4 goblins
  A hobgoblin zombie (Ossuary)
  3 kobolds
  A kobold zombie (Ossuary)
  8 rats
  A rat zombie (Ossuary)
62 creatures vanquished.

Vanquished Creatures (others)
  A jackal zombie (Ossuary)
  A kobold zombie (Ossuary)
2 creatures vanquished.

Grand Total: 64 creatures vanquished

Notes
Turn   | Place    | Note
-------+----------+-------------------------------------------
     0 | D:1      | Alfie the Hill Orc Fighter began the quest for the Orb.
     0 | D:1      | Reached XP level 1. HP: 19/19 MP: 1/1
   153 | D:1      | Reached XP level 2. HP: 26/27 MP: 2/2
   807 | D:2      | Reached XP level 3. HP: 14/33 MP: 3/3
   972 | D:2      | Noticed Terence
   990 | D:2      | Killed Terence
   990 | D:2      | Reached XP level 4. HP: 35/40 MP: 4/4
  1865 | D:4      | Found an opulent altar of Gozag.
  1905 | D:4      | Reached XP level 5. HP: 46/46 MP: 5/5
  1923 | D:4      | Found a sand-covered staircase.
  1934 | Ossuary  | Entered an ossuary
  1938 | Ossuary  | Noticed Alfie's ghost (amateur MiFi)
  2029 | Ossuary  | Reached XP level 6. HP: 38/53 MP: 6/6
  2054 | Ossuary  | Reached skill level 1 in Dodging
  2101 | Ossuary  | HP: 1/53 [Alfie's ghost (9)]
  2106 | Ossuary  | Slain by Alfie's ghost

Skill      XL: |  1  2  3  4  5  6 |
---------------+-------------------+-----
Fighting       | 4 |  4.4
Armour         | 4 |  4.3
Shields        | 4 |  4.5
Short Blades   | 3 |  3.9
Dodging        | 1 |  1.0
Stealth        | |  0.1

Action                   |  1- 3 |  4- 6 || total
-------------------------+-------+-------++-------
Melee: Rapier            |    98 |   173 ||   271
  Use: Scroll            |     1 |     2 ||     3
       Potion            |       |     6 ||     6
  Eat: Royal jelly       |       |     2 ||     2
Armor: Scale mail        |    30 |    84 ||   114
Dodge: Dodged            |    23 |    55 ||    78
Block: Shield            |    46 |    90 ||   136
